 Dungeon Crawl Stone Soup version 0.30-a0-715-gdb4ae3ece1 (webtiles) character file.

Game seed: 11296813579212155667

267006 Ijustatesigmund the Sorcerer (level 19, -19/114 HPs)
             Began as a Deep Elf Ice Elementalist on Jan 19, 2023.
             Was the Champion of Cheibriados.
             Demolished by a wolf spider simulacrum (26 damage)
             ... on level 4 of the Spider Nest on Jan 23, 2023.
             The game lasted 03:54:11 (59105 turns).

Ijustatesigmund the Sorcerer (DEIE)                Turns: 59105, Time: 03:54:11

Health: -19/114    AC: 28    Str: 19 (23) XL:     19   Next: 34%
Magic:  43/46      EV: 24    Int: 45 (47) God:    Cheibriados [******]
Gold:   953        SH: 11    Dex: 35      Spells: 17/61 levels left

rFire   . . .      SeeInvis +    q - +9 eudemon blade (holy)
rCold   . . .      Faith    .    F - +3 buckler {reflect}
rNeg    . . .      Spirit   .    a - +3 troll leather armour
rPois   +          Reflect  +    G - +2 helmet {Int+3}
rElec   +          Harm     .    d - +1 cloak
rCorr   .          Rampage  .    H - +2 pair of gloves {Str+3}
Will    +....                    e - +1 pair of boots of Lethargy {rPois rC- Dex+2}
Stlth   ++++                     h - amulet of regeneration
HPRegen 1.99/turn                Y - ring of Ucvap {*Corrode rElec rC+ EV+5 Dex+3}
MPRegen 0.30/turn                W - ring of see invisible

@: ice-armoured, studying 3 skills, very slow
A: no striking features
}: 2/15 runes: decaying, gossamer
a: Renounce Religion, Bend Time, Temporal Distortion, Slouch, Step From Time


You were on level 4 of the Spider Nest.
You worshipped Cheibriados.
Cheibriados was exalted by your worship.
You visited 8 branches of the dungeon, and saw 35 of its levels.
You also visited: Ossuary, Gauntlet and Ice Cave.

You collected 3942 gold pieces.
You spent 2989 gold pieces at shops.

Inventory:

Hand Weapons
 q - a +9 eudemon blade of holy wrath (weapon)
 x - the +3 greatsling "Punk" {acid, rCorr}
   (You acquired it on level 1 of the Swamp)

   rCorr:     It protects you from acid and corrosion.
Missiles
 n - 4 silver javelins (quivered)
Armour
 a - a +3 troll leather armour (worn)
 d - a +1 cloak (worn)
 e - the +1 pair of boots of Lethargy (worn) {rPois rC- Dex+2}
   (You bought it in a shop on level 7 of the Dungeon)

   Dex:       It affects your dexterity (+2).
   rC:        It makes you vulnerable to cold.
   rPois:     It protects you from poison.
 w - a +1 buckler of cold resistance
 F - a +3 buckler of reflection (worn)
 G - a +2 helmet of intelligence (worn)
 H - a +2 pair of gloves of strength (worn)
 K - a +2 pair of boots
Jewellery
 h - an amulet of regeneration (around neck)
 C - a ring of wizardry
 O - a +4 ring of protection
 S - a ring of protection from cold
 T - a ring of poison resistance
 W - a ring of see invisible (right hand)
 Y - the ring of Ucvap (left hand) {*Corrode rElec rC+ EV+5 Dex+3}
   (You took it off a minotaur in a Gauntlet)

   [ring of evasion]

   EV:        It affects your evasion (+5).
   Dex:       It affects your dexterity (+3).
   rC:        It protects you from cold.
   rElec:     It insulates you from electricity.
   *Corrode:  It may corrode you when you take damage.
Wands
 g - a wand of charming (6)
 o - a wand of polymorph (28)
 A - a wand of flame (13)
 L - a wand of acid (1)
 M - a wand of digging (25)
 N - a wand of roots (18)
 Z - a wand of mindburst (7)
Scrolls
 c - 3 scrolls of fear
 m - 2 scrolls of immolation
 s - 2 scrolls of blinking
 u - 14 scrolls of identify
 v - 3 scrolls of enchant weapon
 y - 2 scrolls of amnesia
 B - a scroll of silence
 E - a scroll of fog
 I - 4 scrolls of poison
 P - a scroll of brand weapon
 R - 2 scrolls of magic mapping
 U - 4 scrolls of teleportation
Potions
 b - 2 potions of magic
 f - 2 potions of might
 i - 9 potions of ambrosia
 j - 9 potions of curing
 k - 3 potions of attraction
 l - 3 potions of berserk rage
 p - 7 potions of mutation
 r - 3 potions of heal wounds
 z - 3 potions of flight
 J - 3 potions of lignification
 V - 3 potions of brilliance
 X - 2 potions of invisibility
Miscellaneous
 t - a lightning rod (4/4)
 D - a box of beasts
 Q - a phantom mirror


   Skills:
 - Level 11.0 Fighting
 - Level 8.8 Long Blades
 - Level 3.0 Staves
 + Level 11.7 Ranged Weapons
 - Level 4.5 Armour
 - Level 6.3 Dodging
 - Level 4.8 Stealth
 - Level 6.1 Shields
 + Level 21.9 Spellcasting
 - Level 7.1 Conjurations
 - Level 7.6 Summonings
 - Level 9.7 Necromancy
 - Level 4.0 Translocations
 - Level 5.7 Transmutations
 - Level 8.1 Ice Magic
 - Level 8.1 Earth Magic
 + Level 16.6 Invocations
 - Level 14.7 Evocations


You had 17 spell levels left.
You knew the following spells:

 Your Spells              Type           Power      Damage    Failure   Level
a - Freeze                Ice            100%       1d10      1%          1
b - Frozen Ramparts       Ice            100%       1d16      1%          3
c - Ozocubu's Armour      Ice            89%        N/A       1%          3
d - Summon Ice Beast      Ice/Summ       88%        N/A       1%          4
e - Blink                 Tloc           100%       N/A       1%          2
f - Lesser Beckoning      Tloc           100%       N/A       1%          2
g - Summon Forest         Summ/Tloc      40%        N/A       1%          5
h - Stone Arrow           Conj/Erth      100%       3d13      1%          3
i - Borgnjor's Vile Clut  Necr/Erth      46%        N/A       1%          5
j - Apportation           Tloc           100%       N/A       1%          1
k - Irradiate             Conj/Tmut      41%        3d25      1%          5
l - Dispel Undead         Necr           95%        3d30      1%          4
m - Simulacrum            Ice/Necr       46%        N/A       2%          6

Your spell library contained the following spells:

 Spells                   Type           Power      Damage    Failure   Level
 Beastly Appendage        Tmut           100%       N/A       1%          1
 Kiss of Death            Conj/Necr      100%       2d13      1%          1
 Magic Dart               Conj           100%       1d8       1%          1
 Shock                    Conj/Air       100%       1d9       1%          1
 Slow                     Hex            100%       N/A       1%          1
 Cigotuvi's Dreadful Rot  Necr/Pois/Air  100%       N/A       1%          2
 Momentum Strike          Conj/Tloc      100%       3d10      1%          2
 Passwall                 Tmut/Erth      70%        N/A       1%          2
 Poisonous Vapours        Pois/Air       98%        N/A       1%          2
 Searing Ray              Conj           100%       2d8       1%          2
 Wereblood                Tmut           79%        N/A       1%          2
 Confusing Touch          Hex            49%        N/A       1%          3
 Gell's Gravitas          Tloc           71%        N/A       1%          3
 Hailstorm                Conj/Ice       87%        3d17      1%          3
 Portal Projectile        Hex/Tloc       100%       N/A       1%          3
 Spider Form              Tmut/Pois      66%        N/A       1%          3
 Swiftness                Air            49%        N/A       1%          3
 Teleport Other           Tloc           71%        N/A       1%          3
 Tukima's Dance           Hex            49%        N/A       1%          3
 Vampiric Draining        Necr           95%        2d12      1%          3
 Vhi's Electric Charge    Tloc/Air       100%       N/A       1%          3
 Animate Armour           Summ/Erth      100%       N/A       1%          4
 Animate Dead             Necr           95%        N/A       1%          4
 Ice Form                 Ice/Tmut       84%        N/A       1%          4
 Passage of Golubria      Tloc           71%        N/A       1%          4
 Blade Hands              Tmut           39%        N/A       1%          5
 Iskenderun's Battlesphe  Conj           85%        2d13      1%          5
 Death Channel            Necr           47%        N/A       1%          6
 Arcjolt                  Conj/Air       34%        1d44      3%          5
 Alistair's Intoxication  Tmut/Pois      44%        N/A       4%          5
 Yara's Violent Unravell  Hex/Tmut       33%        3d14      4%          5
 Airstrike                Air            24%        2d(4-20)  5%          4
 Dispersal                Tloc           35%        N/A       17%         6
 Malign Gateway           Summ/Tloc      40%        N/A       41%         7
 Lehudib's Crystal Spear  Conj/Erth      43%        10d11     85%         8
 Summon Horrible Things   Summ           43%        N/A       85%         8
 Maxwell's Capacitive Co  Air            24%        ∞         100%        8


Dungeon Overview and Level Annotations

Branches:
Dungeon (15/15) Temple (1/1) D:7 Lair (5/5) D:8 Swamp (4/4) Lair:2 Spider (4/4) Lair:3 Slime (0/5) Lair:5 Orc (2/2) D:9 Elf (3/3) Orc:2 Vaults (0/5) D:13 D:14 Depths (1/4) D:15 Ossuary (visited) IceCv (visited) Gauntlet (visited)

Altars:
Ashenzari
Cheibriados
Dithmenos
Elyvilon
Fedhas
Gozag
Hepliaklqana
Kikubaaqudgha
Makhleb
Nemelex Xobeh
Okawaru
Qazlal
Ru
Sif Muna
Trog
Uskayaw
Vehumet
Wu Jian
Xom
Yredelemnul
Zin
The Shining One

Shops:
D:7 [?!   D:8 !   D:9 [   D:11 *   Orc:2 !(([*[:   Elf:1 :=:[   Elf:2 [

Portals:
Hell: Depths:1

Annotations:
Spider:4 Arachne


Message History

The wolf spider simulacrum hits you! The wolf spider simulacrum freezes you!
You block the wolf spider simulacrum's attack.
You block the wolf spider's attack.
The wolf spider bites you but does no damage.
You slice the wolf spider!!
You kill the wolf spider!
Cheibriados thoroughly appreciates the change of pace.
A freezing mist starts to gather...
A wolf spider simulacrum comes into view.
The wolf spider simulacrum hits you.
The wolf spider simulacrum freezes you!!
The wolf spider simulacrum closely misses you.
You are too injured to fight recklessly!
You are too injured to fight recklessly!
You are too injured to fight recklessly!
You are too injured to fight recklessly!
Casting: Summon Ice Beast (safe; 1% risk of failure)
Confirm with . or Enter, or press ? or * to list all spells.
A film of ice covers your body! The wolf spider simulacrum misses you.
The wolf spider simulacrum completely misses you.
The wolf spider simulacrum completely misses you.
The wolf spider simulacrum barely misses you.
The wolf spider simulacrum completely misses you.
You block the wolf spider simulacrum's attack.
You are too injured to fight recklessly!
You are too injured to fight recklessly!
You hit the wolf spider simulacrum.
The wolf spider simulacrum convulses.
The wolf spider simulacrum is moderately damaged.
The wolf spider simulacrum barely misses you.
The wolf spider simulacrum bites you.
The wolf spider simulacrum freezes you!!
* * * LOW HITPOINT WARNING * * *
The wolf spider simulacrum hits you.
* * * LOW HITPOINT WARNING * * *
The wolf spider simulacrum freezes you!
* * * LOW HITPOINT WARNING * * *
The wolf spider simulacrum bites you.
* * * LOW HITPOINT WARNING * * *
The wolf spider simulacrum freezes you!!
You die...

..#.... ..^....
.^#.... .......
..... ##...#
##^Z.## .#
##.@†..# ...
#.Z...###^^..
#.........#..
#.....#......
#...##....#..#..
#^....#........#
#.....†........##
#..#............#
##.#..####......#


You could see 2 wolf spider simulacra.

Vanquished Creatures
  A tentacled monstrosity (Swamp:1)
  Jorgrun (Lair:3)
  Mlioglotl (Swamp:3)
  2 deep elf blademasters
  A lich (IceCv)
  A deep elf master archer (Elf:3)
  Frances (Swamp:2)
  Kirke (Lair:4)
  The ghost of KennyOmg the Executioner, an adept MiBe of Trog (Elf:3)
  A daeva (Depths:1)
  4 emperor scorpions (Spider:4)
  4 deep elf sorcerers
  3 ghost moths
  2 deep elf elementalists (Elf:3)
  An orc warlord (Orc:2)
  2 broodmothers
  2 very ugly things (Depths:1)
  2 deep elf demonologists
  2 deep elf annihilators
  An eleionoma (Swamp:4)
  5 bunyips
  A minotaur (Gauntlet)
  Nessos (D:14)
  3 deep elf death magi (Elf:3)
  3 shambling mangroves (Swamp:4)
  A fire dragon (Depths:1)
  3 entropy weavers (Spider:2)
  Josephine (Lair:3)
  A deep elf high priest (Elf:3)
  Harold (Lair:1)
  A caustic shrike simulacrum (IceCv)
  An ogre mage (D:15)
  5 radroaches
  18 hydras
  2 ghost crabs
  4 centaur warriors
  4 catoblepae (Lair:5)
  13 alligators
  23 dancing weapons
  12 death yaks
  7 two-headed ogres
  A spriggan berserker (Swamp:4)
  Nergalle (D:12)
  17 deep elf knights
  5 orc high priests
  5 skeletal warriors
  4 pharaoh ants
  Lodul (D:10)
  A death drake (Gauntlet)
  5 goliath frogs
  8 deep elf archers
  3 spriggan druids
  A tengu zombie (D:15)
  6 swamp dragons
  An obsidian statue (IceCv)
  A necromancer (D:15)
  9 bog bodies
  2 spriggan simulacra (IceCv)
  2 lindwurms (Lair:4)
  12 orb spiders
  A phantasmal warrior (D:15)
  5 steelbarb worms
  Pikel (D:5)
  21 deep elf zephyrmancers
  A shadow dragon zombie (D:15)
  2 orc knights
  2 oklob plants
  4 orc sorcerers
  3 cyclopes (D:14)
  24 deep elf pyromancers
  16 wolf spiders
  11 elephants
  5 will-o-the-wisps
  16 ugly things
  A manticore (Lair:5)
  2 moths of wrath (Elf:3)
  A black mamba (Lair:4)
  2 torpor snails
  6 demonic crawlers
  5 cane toads
  A gargoyle (D:11)
  Psyche (D:12)
  An unseen horror (D:11)
  15 freezing wraiths
  A rime drake (Lair:4)
  7 komodo dragons
  6 anaconda simulacra (IceCv)
  2 efreet (D:15)
  A yaktaur (D:15)
  8 trolls
  A tengu conjurer (Depths:1)
  2 golden dragon simulacra (IceCv)
  6 meliai
  9 tyrant leeches
  3 hornets
  A polar bear (Lair:4)
  A blink frog (shapeshifter) (Elf:1)
  10 blink frogs
  Prince Ribbit (D:5)
  19 tarantellas
  3 slime creatures (D:13)
  A spriggan zombie (D:15)
  29 jumping spiders
  21 culicivoras
  7 spriggans
  A shadow (D:12)
  3 air elementals
  4 wraiths (Spider:1)
  A spriggan (shapeshifter) (D:13)
  2 wyverns
  44 yaks
  2 water elementals (Elf:2)
  3 hogs (Lair:4)
  2 fire elementals (Elf:3)
  42 redbacks
  8 vampire mosquitoes
  A steam dragon (D:8)
  Eustachio (D:5)
  13 humans
  2 basilisks
  Menkaure (D:5)
  Edmund (D:6)
  2 minotaur simulacra (IceCv)
  A redback simulacrum (D:14)
  5 harpy simulacra (IceCv)
  8 wargs
  17 swamp worms
  3 water moccasins (Lair:4)
  9 swamp drakes
  A human skeleton (D:15)
  25 orc warriors
  A sky beast (D:8)
  An ice beast (D:7)
  2 ettin simulacra (IceCv)
  2 black bears
  2 wolves
  2 alligator simulacra (IceCv)
  4 ogres
  3 centaurs
  A lemure (D:5)
  5 kobold brigands
  Blork the orc (D:5)
  5 bullfrogs
  3 earth elementals
  2 scorpions
  A gnoll sergeant (D:11)
  2 deep troll simulacra (IceCv)
  A wight (D:7)
  6 killer bees (D:11)
  A troll zombie (Ossuary)
  3 lindwurm simulacra (IceCv)
  3 howler monkeys
  3 electric eels
  5 centaur zombies
  2 human zombies (Ossuary)
  10 orc priests
  Crazy Yiuf (D:3)
  A gnoll bouda (D:4)
  A jelly (D:4)
  Ijyb (D:3)
  3 iguanas
  19 orc wizards
  A boggart zombie (Gauntlet)
  Natasha (thrice) (D:2)
  7 mummies (Ossuary)
  14 gnolls
  12 adders
  2 ufetubi
  4 adder zombies (Ossuary)
  3 worms
  2 dart slugs
  67 orcs
  4 bats
  7 endoplasms
  4 giant cockroaches
  5 goblins
  11 hobgoblins
  3 jackals
  5 quokkas
  10 ball pythons
  A frilled lizard (D:2)
  5 goblin zombies (Ossuary)
  6 hobgoblin zombies (Ossuary)
  24 kobolds
  3 kobold zombies (Ossuary)
  An orc zombie (Ossuary)
  2 quokka zombies (Ossuary)
  7 rats
  2 rat zombies (Ossuary)
1029 creatures vanquished.

Vanquished Creatures (collateral kills)
  Gastronok (Lair:1)
  Louise (Spider:1)
  A ghost moth (Spider:4)
  A deep elf elementalist (Elf:3)
  A broodmother (Spider:4)
  An eleionoma (Swamp:3)
  A spark wasp (Spider:4)
  A deep elf death mage (Elf:3)
  4 hydras
  Erica (D:11)
  A boulder beetle (D:13)
  A two-headed ogre (D:10)
  2 alligators
  An orc high priest (Orc:2)
  A deep elf knight (Elf:2)
  A goliath frog (Swamp:1)
  3 steelbarb worms (Spider:4)
  A swamp dragon (Swamp:4)
  A deep elf archer (Elf:2)
  A necromancer (IceCv)
  A deep elf pyromancer (Elf:1)
  3 wolf spiders (Spider:4)
  3 oklob plants (Lair:1)
  A will-o-the-wisp (Swamp:1)
  3 deep elf zephyrmancers
  An ugly thing (Depths:1)
  A moth of wrath (Spider:4)
  A black mamba (Lair:5)
  2 cane toads
  A gargoyle (D:11)
  Joseph (D:9)
  3 rime drakes
  A freezing wraith (IceCv)
  3 komodo dragons
  A tyrant leech (Swamp:1)
  Grinder (D:6)
  4 blink frogs
  2 slime creatures (D:13)
  A culicivora (Spider:4)
  A jumping spider (Spider:4)
  A water elemental (Elf:3)
  Sigmund (D:5)
  22 yaks
  A fire elemental (Elf:3)
  3 hogs (Lair:4)
  A wyvern (Lair:3)
  A human (D:13)
  A basilisk (D:15)
  5 redbacks (Spider:4)
  An acid dragon (D:11)
  4 water moccasins
  8 swamp worms
  3 swamp drakes
  A black bear (D:6)
  A hornet zombie (Gauntlet)
  5 orc warriors (Orc:2)
  An ice beast (D:7)
  6 ogres
  3 centaurs
  5 wolves
  A kobold brigand (D:10)
  An earth elemental (D:11)
  8 bullfrogs
  2 killer bees (D:11)
  An electric eel (Lair:2)
  3 hounds
  An orc priest (Orc:2)
  2 iguanas
  5 orc wizards
  A gnoll (D:11)
  16 orcs
  8 kobolds
184 creatures vanquished.

Vanquished Creatures (others)
  A two-headed ogre (D:11)
  An ugly thing (Depths:1)
  A cyclops (D:11)
  2 freezing wraiths (IceCv)
  A bloated husk (Swamp:3)
  A yak (Lair:5)
  A vampire mosquito (Swamp:3)
  An orc wizard (Orc:1)
  15 foxfires
  27 fungi
  60 plants
  9 withered plants (D:15)
120 creatures vanquished.

Grand Total: 1333 creatures vanquished

Notes
Turn   | Place    | Note
-------+----------+-------------------------------------------
     0 | D:1      | Ijustatesigmund the Deep Elf Ice Elementalist began the
                  | quest for the Orb.
     0 | D:1      | Reached XP level 1. HP: 10/10 MP: 6/6
   723 | D:1      | Reached XP level 2. HP: 8/15 MP: 5/8
  1320 | D:2      | Reached skill level 4 in Spellcasting
  1337 | D:2      | Found an opulent altar of Gozag.
  1430 | D:2      | Reached skill level 5 in Ice Magic
  1430 | D:2      | Reached XP level 3. HP: 19/19 MP: 7/10
  1663 | D:2      | Learned a level 3 spell: Frozen Ramparts
  1667 | D:2      | Learned a level 3 spell: Ozocubu's Armour
  1953 | D:2      | Noticed Natasha
  1990 | D:2      | Killed Natasha
  1991 | D:2      | Reached skill level 1 in Fighting
  1991 | D:2      | Reached XP level 4. HP: 25/25 MP: 4/12
  2004 | D:2      | Noticed Natasha
  2012 | D:2      | Killed Natasha
  2209 | D:2      | Noticed Natasha
  2216 | D:2      | Killed Natasha
  2382 | D:2      | Reached skill level 5 in Spellcasting
  2382 | D:2      | Reached XP level 5. HP: 29/29 MP: 11/14
  3026 | D:3      | Learned a level 4 spell: Summon Ice Beast
  3268 | D:3      | Found a radiant altar of Vehumet.
  3340 | D:3      | Reached skill level 1 in Summonings
  3445 | D:3      | Found a faded altar of an unknown god.
  3466 | D:3      | Noticed Ijyb
  3474 | D:3      | Killed Ijyb
  3761 | D:3      | Found a runed translucent door.
  3762 | D:3      | Noticed Crazy Yiuf
  3853 | D:3      | Killed Crazy Yiuf
  3978 | D:4      | Reached XP level 6. HP: 30/34 MP: 9/15
  4228 | D:4      | Reached skill level 1 in Evocations
  4785 | D:4      | Found an iron altar of Okawaru.
  4804 | D:4      | Reached skill level 6 in Spellcasting
  4888 | D:4      | Reached XP level 7. HP: 36/38 MP: 12/18
  5596 | D:4      | Identified the ring of Wademek {Str+3 Dex+6}
  5675 | D:5      | Entered Level 5 of the Dungeon
  5675 | D:5      | Noticed Blork the orc
  5685 | D:5      | Killed Blork the orc
  5772 | D:5      | Found a sand-covered staircase.
  5775 | D:5      | Noticed Prince Ribbit
  5779 | Ossuary  | Entered an ossuary
  5825 | Ossuary  | Reached skill level 7 in Spellcasting
  5880 | Ossuary  | Reached skill level 1 in Staves
  6495 | Ossuary  | Reached XP level 8. HP: 44/44 MP: 13/20
  6804 | D:5      | Killed Prince Ribbit
  7084 | D:5      | Noticed Pikel
  7098 | D:5      | Killed Pikel
  7099 | D:5      | Reached skill level 8 in Spellcasting
  7099 | D:5      | Reached skill level 5 in Summonings
  7151 | D:5      | Found an ancient bone altar of Kikubaaqudgha.
  7303 | D:5      | Found a hide-covered altar of Uskayaw.
  7321 | D:5      | Identified the +1 ring mail of Tulips {rN+ SInv}
  7367 | D:5      | Noticed Sigmund
  7368 | D:5      | Noticed Menkaure
  7377 | D:5      | Killed Sigmund
  7385 | D:5      | Killed Menkaure
  7444 | D:5      | Reached XP level 9. HP: 45/52 MP: 17/23
  7548 | D:5      | Noticed Eustachio
  7556 | D:5      | Killed Eustachio
  7899 | D:6      | Noticed Grinder
  7907 | D:6      | Killed Grinder
  7908 | D:6      | Reached skill level 9 in Spellcasting
  8079 | D:6      | Got the Omnibus of the Tectonic Jaunt
  8412 | D:6      | Found a sparkling altar of Nemelex Xobeh.
  8635 | D:6      | Noticed Edmund
  8647 | D:6      | Killed Edmund
  8711 | D:6      | Found a basalt altar of Yredelemnul.
  8960 | D:7      | Found a staircase to the Ecumenical Temple.
  8969 | Temple   | Entered the Ecumenical Temple
  9056 | Temple   | Became a worshipper of Cheibriados the Contemplative
  9164 | D:7      | Reached skill level 1 in Invocations
  9214 | D:7      | Learned a level 2 spell: Blink
  9229 | D:7      | Found Mihys's Magic Scroll Shoppe.
  9231 | D:7      | Found Qusuoram's Distillery.
  9233 | D:7      | Found Ifakock's Antique Armour Shop.
  9247 | D:7      | Reached skill level 10 in Spellcasting
  9249 | D:7      | Reached skill level 1 in Translocations
  9282 | D:7      | Bought a scroll of teleportation for 42 gold pieces
  9282 | D:7      | Bought a scroll of teleportation for 42 gold pieces
  9282 | D:7      | Bought a scroll of butterflies for 56 gold pieces
  9284 | D:7      | Bought a potion of heal wounds for 60 gold pieces
  9369 | D:7      | Found a broken altar of Ashenzari.
  9666 | D:7      | Reached * piety under Cheibriados
  9873 | D:7      | Found a bloodstained altar of Trog.
 10474 | D:8      | Found Giqyn's Distillery.
 10498 | D:8      | Reached XP level 10. HP: 56/56 MP: 19/26
 10853 | D:8      | Reached ** piety under Cheibriados
 10854 | D:8      | Reached skill level 11 in Spellcasting
 10965 | D:8      | Found a shadowy altar of Dithmenos.
 10992 | D:8      | Found a hazy altar of Hepliaklqana.
 11095 | D:8      | Found a white marble altar of Elyvilon.
 11134 | D:8      | Found a staircase to the Lair.
 11181 | D:8      | Found a shimmering blue altar of Sif Muna.
 11290 | D:9      | Reached skill level 1 in Armour
 11467 | D:9      | Noticed a two-headed ogre
 11479 | D:9      | Killed a two-headed ogre
 11480 | D:9      | Reached skill level 5 in Invocations
 11563 | D:9      | Reached skill level 12 in Spellcasting
 11926 | D:7      | Bought a pair of dazzling boots for 247 gold pieces
 11926 | D:7      | Identified the +1 pair of boots of Lethargy {rPois rC-
                  | Dex+2} (You bought it in a shop on level 7 of the Dungeon)
 12071 | D:9      | Noticed a two-headed ogre
 12082 | D:9      | Killed a two-headed ogre
 12293 | D:9      | Found a staircase to the Orcish Mines.
 12306 | D:9      | Found Ympy's Armour Shop.
 12517 | D:9      | Noticed Joseph
 12528 | D:9      | Killed Joseph
 12529 | D:9      | Reached XP level 11. HP: 54/60 MP: 16/29
 12803 | D:9      | Found a sacrificial altar of Ru.
 13001 | D:9      | Learned a level 2 spell: Lesser Beckoning
 13039 | D:10     | Entered Level 10 of the Dungeon
 13140 | D:10     | Reached *** piety under Cheibriados
 13556 | D:7      | Bought a shiny helmet for 195 gold pieces
 13574 | D:7      | Learned a level 5 spell: Summon Forest
 13676 | D:10     | Noticed Lodul
 13686 | D:10     | Reached skill level 13 in Spellcasting
 13694 | D:10     | Killed Lodul
 13947 | D:10     | Noticed a two-headed ogre
 13958 | D:10     | Killed a two-headed ogre
 14400 | D:11     | Reached skill level 5 in Dodging
 14449 | D:11     | Reached **** piety under Cheibriados
 14574 | D:11     | Learned a level 3 spell: Stone Arrow
 14720 | D:11     | Reached skill level 1 in Conjurations
 14720 | D:11     | Reached skill level 1 in Earth Magic
 14940 | D:11     | Found Gaihuw's Pet Rocks.
 15072 | D:11     | Noticed Erica
 15081 | D:11     | Killed Erica
 15213 | D:11     | Noticed a two-headed ogre
 15232 | D:11     | Reached skill level 14 in Spellcasting
 15452 | D:12     | Reached ***** piety under Cheibriados
 15749 | D:12     | Noticed a deep elf pyromancer
 15758 | D:12     | Killed a deep elf pyromancer
 15759 | D:12     | Reached XP level 12. HP: 66/66 MP: 23/32
 16072 | Lair:1   | Entered Level 1 of the Lair of Beasts
 16509 | Lair:1   | Noticed Gastronok
 16546 | Lair:1   | Killed Gastronok
 17241 | Lair:1   | Noticed Harold
 17245 | Lair:1   | Reached skill level 5 in Conjurations
 17245 | Lair:1   | Reached skill level 5 in Earth Magic
 17267 | Lair:1   | Killed Harold
 18292 | Lair:2   | Reached skill level 15 in Spellcasting
 18382 | Lair:2   | Noticed a five-headed hydra
 18388 | Lair:2   | Killed a five-headed hydra
 18389 | Lair:2   | Reached skill level 10 in Invocations
 18399 | Lair:2   | Noticed a six-headed hydra
 18410 | Lair:2   | Killed a six-headed hydra
 18611 | Lair:2   | Identified the +5 dagger of the Endless March {protect, rN+
                  | Will+ Int+4 SInv}
 19053 | Lair:2   | Reached skill level 5 in Evocations
 19525 | Lair:2   | Noticed a seven-headed hydra
 19545 | Lair:2   | Noticed a five-headed hydra
 19551 | Lair:2   | Killed a seven-headed hydra
 20026 | Lair:2   | Found a staircase to the Swamp.
 20070 | Lair:2   | Killed a five-headed hydra
 20071 | Lair:2   | Reached XP level 13. HP: 72/72 MP: 25/34
 20431 | Lair:3   | Reached skill level 5 in Fighting
 21036 | Lair:3   | Reached skill level 16 in Spellcasting
 21349 | Lair:3   | Found a hole to the Spider Nest.
 22197 | Lair:4   | Reached ****** piety under Cheibriados
 22403 | Lair:4   | Noticed Kirke
 22419 | Lair:4   | Killed Kirke
 23531 | Lair:4   | Reached skill level 10 in Evocations
 23716 | Lair:5   | Entered Level 5 of the Lair of Beasts
 24162 | Lair:5   | Reached skill level 17 in Spellcasting
 24171 | Lair:5   | Reached XP level 14. HP: 80/80 MP: 29/37
 24489 | Lair:5   | Found a staircase to the Slime Pits.
 26138 | Lair:5   | Learned a level 5 spell: Borgnjor's Vile Clutch
 26306 | Lair:1   | Upgraded the game from 0.30-a0-691-g754fce4c43 to
                  | 0.30-a0-694-g3340775977
 26466 | D:12     | Noticed Psyche
 26472 | D:12     | Killed Psyche
 26473 | D:12     | Noticed Nergalle
 26483 | D:12     | Killed Nergalle
 26730 | D:12     | Reached skill level 1 in Necromancy
 27248 | D:13     | Found a gate leading to a gauntlet.
 27275 | Gauntlet | Entered a Gauntlet
 27275 | Gauntlet | Found a transporter.
 27275 | Gauntlet | Found a large runed translucent door.
 27275 | Gauntlet | Found a large runed translucent door.
 27275 | Gauntlet | Found a large runed translucent door.
 27275 | Gauntlet | Found a large runed translucent door.
 27275 | Gauntlet | Found a large runed translucent door.
 27275 | Gauntlet | Found a large runed translucent door.
 27275 | Gauntlet | Found a runed translucent door.
 27275 | Gauntlet | Found a runed translucent door.
 27275 | Gauntlet | Found a large runed translucent door.
 27275 | Gauntlet | Found a large runed translucent door.
 27275 | Gauntlet | Found a large runed translucent door.
 27275 | Gauntlet | Found a large runed translucent door.
 27275 | Gauntlet | Found a large runed translucent door.
 27275 | Gauntlet | Found a large runed translucent door.
 27285 | Gauntlet | Found a transporter.
 27287 | Gauntlet | Found a large runed translucent door.
 27287 | Gauntlet | Found a large runed translucent door.
 27288 | Gauntlet | Found a runed translucent gate.
 27288 | Gauntlet | Found a runed translucent gate.
 27288 | Gauntlet | Found a runed translucent gate.
 27289 | Gauntlet | Found a transporter.
 27290 | Gauntlet | Found a transporter.
 27309 | Gauntlet | Found a transporter.
 27320 | Gauntlet | Found a transporter.
 27341 | Gauntlet | Found a transporter.
 27355 | Gauntlet | Found a transporter.
 27374 | Gauntlet | Found a transporter.
 27378 | Gauntlet | Found a transporter.
 27387 | Gauntlet | Found a transporter.
 27401 | Gauntlet | Found a large runed translucent door.
 27402 | Gauntlet | Found a large runed translucent door.
 27563 | Gauntlet | Found a transporter.
 27704 | Gauntlet | Identified the ring of Ucvap {*Corrode rElec rC+ EV+5
                  | Dex+3}
 27893 | Gauntlet | Got Alistair's Essays on Remoulded Contamination
 28349 | D:13     | Found the +7 captain's cutlass {speed, disarm}
 28473 | D:13     | Reached skill level 18 in Spellcasting
 28637 | D:14     | Noticed Nessos
 28637 | D:14     | Found a gate to the Vaults.
 30337 | D:14     | Killed Nessos
 30342 | D:14     | Reached XP level 15. HP: 88/88 MP: 21/39
 30565 | D:14     | Found a white marble altar of Elyvilon.
 31501 | D:15     | Entered Level 15 of the Dungeon
 31740 | D:15     | Reached skill level 5 in Necromancy
 32462 | D:15     | Found a staircase to the Depths.
 33395 | Orc:1    | Entered Level 1 of the Orcish Mines
 34602 | Orc:2    | Entered Level 2 of the Orcish Mines
 34602 | Orc:2    | Found Tuah's Book Boutique.
 35503 | Orc:2    | Found Obreit's General Store.
 35759 | Orc:2    | Found a staircase to the Elven Halls.
 35769 | Orc:2    | Bought a potion of heal wounds for 75 gold pieces
 35819 | Orc:2    | Found Ymeacvoo's Weapon Emporium.
 35959 | Orc:2    | Paralysed by an orc sorcerer for 2 turns
 36145 | Orc:2    | Found Zisof's Antique Armour Emporium.
 36206 | Orc:2    | Bought a pair of glimmering gloves for 237 gold pieces
 36206 | Orc:2    | Identified the +0 pair of gloves of Heodup {rElec rC- rCorr
                  | Slay+3} (You bought it in a shop on level 2 of the Orcish
                  | Mines)
 36206 | Orc:2    | Bought a heavily runed leather armour for 175 gold pieces
 36206 | Orc:2    | Identified the +2 leather armour "Riesch" {rCorr} (You
                  | bought it in a shop on level 2 of the Orcish Mines)
 36268 | Orc:2    | Found Loumiu's Armour Shoppe.
 36595 | Orc:2    | Found Loxopp's Antique Weapon Emporium.
 36880 | Orc:2    | Found Micloemm's Distillery.
 36891 | Orc:2    | Bought a potion of heal wounds for 60 gold pieces
 36948 | Orc:2    | Bought a manual of Hexes for 1200 gold pieces
 37288 | Depths:1 | Entered Level 1 of the Depths
 37288 | Depths:1 | Found a gateway to Hell.
 37494 | Depths:1 | Learned a level 1 spell: Apportation
 37886 | Depths:1 | Noticed a daeva
 37892 | Depths:1 | Killed a daeva
 38094 | Elf:1    | Entered Level 1 of the Elven Halls
 38107 | Elf:1    | Reached skill level 1 in Long Blades
 38439 | Elf:1    | Found Mylo's Antique Armour Shop.
 38445 | Elf:1    | Bought a spiked leather armour for 210 gold pieces
 38445 | Elf:1    | Identified the +1 leather armour of Intercession {rN+ SInv}
                  | (You bought it in a shop on level 1 of the Elven Halls)
 38481 | Elf:1    | Reached XP level 16. HP: 94/94 MP: 26/40
 38671 | Elf:1    | Paralysed by an air elemental for 1 turns
 38960 | Elf:1    | Got the Excursus on Percussion
 38967 | Elf:1    | Learned a level 5 spell: Irradiate
 39198 | Elf:1    | Reached skill level 1 in Shields
 39257 | Elf:1    | Found Tasufiti's Book Emporium.
 39257 | Elf:1    | Found Eqaorakk's Jewellery Shop.
 39259 | Elf:1    | Found Ruemm's Book Emporium.
 39273 | Elf:1    | Bought a book of Decay for 390 gold pieces
 39278 | Elf:1    | Learned a level 4 spell: Dispel Undead
 39986 | Elf:1    | Found a radiant altar of Vehumet.
 40460 | Elf:2    | Found a runed translucent gate.
 40460 | Elf:2    | Found a runed translucent gate.
 40460 | Elf:2    | Found a runed translucent gate.
 40969 | Elf:2    | Reached skill level 5 in Shields
 41133 | Elf:2    | Paralysed by an air elemental for 1 turns
 41137 | Elf:2    | Paralysed by an air elemental for 1 turns
 41328 | Elf:2    | Found Yrph's Antique Armour Boutique.
 42028 | Elf:2    | Noticed a deep elf blademaster
 42037 | Elf:2    | Killed a deep elf blademaster
 43226 | Elf:3    | Entered Level 3 of the Elven Halls
 43410 | Elf:3    | Found a transporter.
 43412 | Elf:3    | Noticed a deep elf blademaster
 43412 | Elf:3    | Noticed a deep elf blademaster
 43413 | Elf:3    | Noticed KennyOmg's ghost (adept MiBe)
 43416 | Elf:3    | Found a transporter.
 43477 | Elf:3    | Reached XP level 17. HP: 100/100 MP: 13/41
 43764 | Elf:3    | Found a bloodstained altar of Trog.
 43787 | Elf:3    | Noticed a deep elf blademaster
 44810 | Swamp:1  | Entered Level 1 of the Swamp
 44895 | Swamp:1  | Reached skill level 19 in Spellcasting
 45649 | Swamp:1  | Reached skill level 5 in Long Blades
 46302 | Swamp:1  | Noticed a tentacled monstrosity
 46302 | Swamp:1  | Identified a scroll of acquirement
 46325 | Swamp:1  | Killed a tentacled monstrosity
 46326 | Swamp:1  | Reached skill level 1 in Transmutations
 46372 | Swamp:1  | Acquired the +3 greatsling "Punk" {acid, rCorr}
 46372 | Swamp:1  | Found the +3 greatsling "Punk" {acid, rCorr}
 46748 | Swamp:2  | Reached skill level 1 in Ranged Weapons
 47196 | Swamp:2  | Noticed Frances
 47229 | Swamp:2  | Killed Frances
 48523 | Swamp:3  | Noticed Mlioglotl
 48539 | Swamp:3  | Killed Mlioglotl
 49139 | Swamp:4  | Entered Level 4 of the Swamp
 49388 | Swamp:4  | Reached skill level 5 in Ranged Weapons
 50082 | Swamp:4  | Reached skill level 5 in Transmutations
 50086 | Swamp:4  | Reached skill level 20 in Spellcasting
 50412 | Swamp:4  | Found a shadowy altar of Dithmenos.
 50766 | Swamp:4  | Got a decaying rune of Zot
 51373 | Elf:3    | Killed KennyOmg's ghost
 51374 | Elf:3    | Reached XP level 18. HP: 87/107 MP: 27/44
 52086 | Elf:3    | Identified the +4 dagger of the Grave {spect, SInv Stlth+}
 52216 | Elf:3    | Identified the +0 plate armour of the Harvest {rN+ Regen+
                  | Str+3}
 52220 | Elf:3    | Reached skill level 15 in Invocations
 52398 | Elf:3    | Reached skill level 10 in Fighting
 52423 | Elf:3    | Identified the amulet of Iress {RegenMP Will+}
 52427 | Elf:3    | HP: 2/104 [deep elf death mage/bolt of negative energy
                  | (15)]
 52428 | Elf:3    | Identified the +0 great sword of Benil {holy, *Noise rC+
                  | Str+5 SInv}
 52807 | Spider:1 | Entered Level 1 of the Spider Nest
 52807 | Spider:1 | Noticed Louise
 53072 | Lair:3   | Upgraded the game from 0.30-a0-694-g3340775977 to
                  | 0.30-a0-715-gdb4ae3ece1
 53084 | Spider:1 | Noticed Josephine
 53087 | Spider:1 | Noticed Jorgrun
 53091 | Lair:3   | Killed Josephine
 53107 | Lair:3   | Killed Jorgrun
 53141 | Spider:1 | Killed Louise
 53235 | Spider:1 | Found a frozen archway.
 53254 | IceCv    | Entered an ice cave
 53506 | IceCv    | Found an ancient bone altar of Kikubaaqudgha.
 54376 | IceCv    | Noticed a lich
 54386 | IceCv    | Killed a lich
 54563 | Spider:1 | Reached skill level 21 in Spellcasting
 55486 | Spider:2 | Reached skill level 10 in Ranged Weapons
 57257 | Spider:3 | Reached XP level 19. HP: 113/113 MP: 44/46
 57471 | Spider:4 | Entered Level 4 of the Spider Nest
 57861 | Spider:4 | Learned a level 6 spell: Simulacrum
 58437 | Spider:4 | Got a gossamer rune of Zot
 58537 | Spider:4 | Found the +3 pair of seven-league boots {Rampage+∞}
 58743 | Spider:4 | Noticed Arachne
 59105 | Spider:4 | Demolished by a wolf spider simulacrum

Illustrated notes

Levels and vault maps discovered:
D:1:      spicycebolla_arrival_xxxplode, layout_rooms,
          amcnicky_mini_rare_corridor_liquid
D:2:      layout_basic, serial_glass, glass_columns_a, glass_columns_a,
          basic_altar, st_stairs_2, uniq_natasha
D:3:      layout_rooms, nicolae_vehumet_altar_sigil,
          hellmonk_ecumenical_altar_blasted, kennysheep_generic_room_6,
          uniq_crazy_yiuf_cottage, uniq_ijyb
D:4:      kennysheep_spiral_hall, layout_loops_ring,
          mainiacjoe_overflow_catwalk, lexackson_kobold_supper
D:5:      layout_loops_ring, mainiacjoe_overflow_24_doors,
          lemuel_coloured_pillars_altar, nicolae_ossuary_entry_monument,
          uniq_pikel, uniq_blork_the_orc, uniq_prince_ribbit1, uniq_sigmund,
          uniq_eustachio, uniq_menkaure
D:6:      layout_basic, nemelex_diamond_rough_becter, kennysheep_mini,
          uniq_grinder, uniq_edmund
D:7:      layout_loops_ring, marbit_many_paths, lemuel_doored_altar,
          minmay_temple_entry_sparse_star, nicolae_wooded_promenade,
          kennysheep_generic_room_2
D:8:      layout_basic, riverfiend_overflow_shadow_ancestor, led_sif_book,
          mainiacjoe_overflow_six_doors_small, dpeg_oklobed_lair, serial_shops,
          shop, serial_bayou_pond_b, minmay_circle_x
D:9:      layout_basic, mainiacjoe_overflow_brackets, orc_david_3, uniq_joseph
D:10:     layout_roguey, minmay_misc_feat_tower, moated_statue, uniq_lodul
D:11:     layout_long_grid, chequers_serial_rivers_room_a, guppyfry_shop_earth,
          uniq_erica
D:12:     layout_long_grid, small_statue_alley_a, uniq_psyche, uniq_nergalle
D:13:     layout_cave_pods, gauntlet_entry_generic
D:14:     layout_cross, david_vaults_3, elyvilon_altar_1, minivault_27
D:15:     gammafunk_depths_entry_grave, layout_layer_cave,
          kennysheep_crisscross, grunt_ministairs_1, moated_statue
Temple:   dpeg_three_leaves_temple
Lair:1:   minmay_lair_oklob_tunnel, layout_misc_corridors, uniq_gastronok,
          uniq_harold
Lair:2:   layout_small_grid, palyth_hydra_swamp_entry, serial_bayou_shore_a
Lair:3:   layout_cave_pods, dummy_spider_entry, infiniplex_staircase_pool_2
Lair:4:   nzn_winding_woodlands_three_and_one
          [nzn_winding_woodlands_5x15_concentric,
          nzn_winding_woodlands_5x15_jagged, nzn_winding_woodlands_5x15_parted,
          nzn_winding_woodlands_center_lodge], layout_long_grid, serial_rivers,
          chequers_serial_rivers_large_b, chequers_serial_rivers_small_b,
          chequers_serial_rivers_micro_c, chequers_serial_rivers_micro_e,
          chequers_serial_rivers_room_a, chequers_serial_rivers_micro_d,
          uniq_kirke
Lair:5:   evilmike_catoblepas_cave, layout_loops_ring, slime_entry_1,
          nicolae_lair_grove_arrangements, serial_bayou_lagoon_b
Swamp:1:  cheibrodos_swamp_monstrosity, layout_basic_swamp,
          evilmike_swamp_ruin_house_5, swamp_pool2,
          nicolae_swamp_orc_logging_accident
Swamp:2:  layout_basic_swamp, evilmike_swamp_ruin_house_2, uniq_frances
Swamp:3:  layout_falls_marsh, evilmike_swamp_ruin_house_6, uniq_mlioglotl
Swamp:4:  swamp_basic_johnstein, layout_basic_swamp, swamp_pool5,
          lemuel_altar_in_water, ldierk_geyser,
          nicolae_swamp_decorative_isthmus, infiniplex_staircase_pool
Spider:1: layout_spider_delve, portal_ice_cave_entry_frozen_things,
          uniq_josephine, uniq_louise, uniq_jorgrun
Spider:2: layout_chambers
Spider:3: layout_spider_delve, nicolae_spider_webbed_stairs
Spider:4: guppyfry_spider_rune, uniq_arachne
Orc:1:    layout_caves
Orc:2:    grunt_orc_gardens, layout_caves, grunt_orc_garden, grunt_orc_garden,
          grunt_orc_garden, grunt_orc_garden, serial_shops,
          nicolae_shop_bloodbath_and_beyond, nicolae_shop_crystal,
          nicolae_shop_waterfront, basic_altar, nooodl_orcs_dogs
Elf:1:    nicolae_elf_arrival_fired_up, layout_loops_corners, basic_altar,
          serial_shops, nicolae_shop_stone, minmay_elf_annihilation,
          minmay_shop_grove, lemuel_upstairs_altar
Elf:2:    elven_hall_of_blades_hangedman_original [mumra_blade_entry_dagger],
          layout_geoelf_octagon, serial_shops, nicolae_stop_n_shop_1
Elf:3:    minmay_elf_hall_spiked, layout_gridlike,
          gammafunk_ghost_wrathful_warriors, grunt_megastairs_5
Depths:1: abrahamwl_protected_by_tso_2, layout_gridlike,
          pf_vacation_house_of_asmodeus, serial_bayou_crossing,
          serial_bayou_shore_b

Skill      XL: |  1  2  3  4  5  6  7  8  9 10 11 12 13 14 15 16 17 18 19 |
---------------+----------------------------------------------------------+-----
Spellcasting   | 4 5 6 7 8 10 12 14 15 17 18 20 21 | 21.9
Ice Magic      | 5 6 8 |  8.1
Fighting       | 1 2 3 4 6 8 9 10 11 | 11.0
Dodging        | 3 5 6 |  6.3
Summonings     | 2 3 4 5 6 7 |  7.6
Evocations     | 2 6 10 14 | 14.7
Staves         | 3 |  3.0
Invocations    | 3 6 8 10 12 13 14 16 | 16.6
Translocations | 3 4 |  4.0
Armour         | 3 4 |  4.5
Stealth        | 4 |  4.8
Conjurations   | 3 5 7 |  7.1
Earth Magic    | 3 5 8 |  8.1
Necromancy     | 2 7 9 |  9.7
Long Blades    | 2 4 8 |  8.8
Shields        | 6 |  6.1
Transmutations | 5 |  5.7
Ranged Weapons | 6 10 11 | 11.7

Action                     |  1- 3 |  4- 6 |  7- 9 | 10-12 | 13-15 | 16-18 | 19-21 || total
---------------------------+-------+-------+-------+-------+-------+-------+-------++-------
  Melee: Short sword       |     5 |    90 |    24 |       |       |       |       ||   119
         Punch             |       |     1 |       |       |       |       |       ||     1
         Quarterstaff      |       |       |   173 |   132 |   305 |       |       ||   610
         Eudemon blade     |       |       |       |       |     4 |   166 |    69 ||   239
         Greatsling        |       |       |       |       |       |       |     1 ||     1
   Fire: Greatsling        |       |       |       |       |       |   847 |   127 ||   974
  Throw: Javelin           |       |       |       |       |     4 |     1 |       ||     5
   Cast: Freeze            |    45 |    26 |    13 |     2 |     1 |       |       ||    87
         Frozen Ramparts   |     3 |    31 |    41 |    54 |    85 |    66 |    10 ||   290
         Ozocubu's Armour  |     2 |    18 |    38 |    48 |    77 |    85 |    13 ||   281
         Summon Ice Beast  |       |       |    12 |    74 |    81 |    66 |     4 ||   237
         Stone Arrow       |       |       |       |    21 |   239 |   152 |     3 ||   415
         Blink             |       |       |       |     2 |     8 |     3 |       ||    13
         Borgnjor's Vile C |       |       |       |       |    72 |   111 |     5 ||   188
         Apportation       |       |       |       |       |     3 |     1 |       ||     4
         Summon Forest     |       |       |       |       |     2 |       |       ||     2
         Lesser Beckoning  |       |       |       |       |       |    20 |       ||    20
         Dispel Undead     |       |       |       |       |       |     6 |       ||     6
         Irradiate         |       |       |       |       |       |     5 |     2 ||     7
         Simulacrum        |       |       |       |       |       |       |     8 ||     8
 Invoke: Step From Time    |       |       |       |     1 |     1 |     1 |     1 ||     4
         Slouch            |       |       |       |       |     6 |    10 |     1 ||    17
  Evoke: Wand              |       |       |    13 |    10 |    62 |    24 |       ||   109
         Lightning rod     |       |       |       |       |     6 |     1 |       ||     7
         Phantom mirror    |       |       |       |       |     2 |       |       ||     2
         Box of beasts     |       |       |       |       |     1 |       |       ||     1
    Use: Scroll            |     1 |     3 |    14 |    11 |    17 |    16 |       ||    62
         Potion            |       |       |     1 |     8 |     4 |     9 |     2 ||    24
   Stab: Sleeping          |     1 |     1 |    11 |     1 |     3 |       |       ||    17
         Paralysed         |       |       |     4 |       |       |       |       ||     4
         Distracted        |       |       |       |       |     6 |     1 |       ||     7
         Confused          |       |       |       |       |       |     1 |       ||     1
 Armour: Robe              |    11 |    50 |    67 |    98 |   142 |       |       ||   368
         Troll leather arm |       |       |       |       |   151 |   308 |    82 ||   541
  Dodge: Dodged            |    22 |    76 |   165 |   168 |   613 |   797 |   191 ||  2032
  Block: Buckler           |       |       |       |       |     2 |   464 |   101 ||   567
         Reflection        |       |       |       |       |       |    19 |     1 ||    20

Table legend: (Time is in decaauts)
 A = Elapsed time spent in this place.
 B = Non-inter-level travel time spent in this place.
 C = Inter-level travel time spent in this place.
 D = Time resting spent in this place.
 E = Time spent auto-exploring this place.
 F = Levels seen in this place.
 G = Mean time per level.
                   A        B        C        D        E       F      G
               +--------+--------+--------+--------+--------+-----+--------+
         Total |  77196 |  70635 |   6561 |  23365 |  35981 |  38 | 2031.5 |
       Dungeon |  28845 |  25034 |   3811 |   7891 |  13473 |  15 | 1923.0 |
        Temple |     97 |     87 |     10 |      0 |     58 |   1 |   97.0 |
          Lair |  14928 |  13661 |   1267 |   3611 |   8320 |   5 | 2985.6 |
         Swamp |   8231 |   7997 |    234 |   3294 |   3615 |   4 | 2057.8 |
   Spider Nest |   6699 |   6634 |     65 |   1144 |   4233 |   4 | 1674.8 |
  Orcish Mines |   3915 |   3373 |    542 |   1066 |   1756 |   2 | 1957.5 |
   Elven Halls |  10198 |   9605 |    593 |   4348 |   3756 |   3 | 3399.3 |
        Depths |    764 |    729 |     35 |    482 |    117 |   1 |  764.0 |
       Ossuary |   1026 |   1026 |      0 |    466 |    262 |   1 | 1026.0 |
      Ice Cave |   1634 |   1634 |      0 |    719 |    374 |   1 | 1634.0 |
      Gauntlet |    853 |    853 |      0 |    343 |     16 |   1 |  853.0 |
               +--------+--------+--------+--------+--------+-----+--------+

Top non-repeatable levels by time:
   Elf:2: 4180 daAuts
     D:9: 3939 daAuts
    D:13: 3624 daAuts
  Lair:2: 3402 daAuts
   Elf:1: 3104 daAuts
  Lair:5: 3089 daAuts
  Lair:1: 3083 daAuts
   Elf:3: 2913 daAuts
  Lair:3: 2702 daAuts
Spider:2: 2651 daAuts
  Lair:4: 2650 daAuts
    D:15: 2471 daAuts
 Swamp:1: 2319 daAuts
   Orc:2: 2304 daAuts
 Swamp:3: 2112 daAuts
